 Dungeon Crawl Stone Soup version 0.26-a0-663-g36e8fdb655 (webtiles) character file.

Game seed: 12696971824816760452

364 jasper the Slasher (level 6, -4/76 HPs)
             Began as a Palentonga Gladiator on Oct 12, 2020.
             Was an Initiate of Wu Jian.
             Slain by an ogre
             ... wielding a +0 giant spiked club
              (12 damage)
             ... on level 5 of the Dungeon.
             The game lasted 00:03:40 (3046 turns).

jasper the Slasher (Palentonga Gladiator)           Turns: 3046, Time: 00:03:41

Health: -4/76      AC: 23    Str: 20      XL:     6   Next: 39%
Magic:  6/6        EV:  1    Int:  8      God:    Wu Jian [......]
Gold:   145        SH:  0    Dex:  8 (11) Spells: 5/5 levels left

rFire    . . .     SeeInvis +   a - +0 long sword
rCold    . . .     Faith    .   (no shield)
rNeg     + + +     Spirit   .   (armour currently unavailable)
rPois    +         Reflect  .   (helmet currently unavailable)
rElec    .         Harm     .   (cloak currently unavailable)
rCorr    .         Rampage  .   (gloves currently unavailable)
MR       .....     NoTele   +   (no barding)
Stlth    +.........             (no amulet)
HPRegen  0.22/turn              (no ring)
MPRegen  0.10/turn              (no ring)

@: tree-form (expiring), very slightly contaminated
A: large, rugged brown scales 3, see invisible
a: Renounce Religion


You were on level 5 of the Dungeon.
You worshipped Wu Jian.
Wu Jian was noncommittal.
You were a tree.
You visited 2 branches of the dungeon, and saw 6 of its levels.

You collected 145 gold pieces.

Inventory:

Hand Weapons
 a - a +0 long sword (weapon)
 s - the +5 dagger "Cappy" {freeze, +Inv +Fly rPois}
   (You found it on level 4 of the Dungeon)

   It has been specially enchanted to freeze those struck by it, causing extra
   injury to most foes and up to half again as much damage against particularly
   susceptible opponents.
   It can also slow down cold-blooded creatures.
   It protects you from poison.
   It lets you turn invisible.
   It lets you fly.
Missiles
 o - 85 stones (quivered)
Armour
 b - a +0 leather armour
 c - a +0 helmet
 i - a +0 ring mail (melded)
 k - a +1 helmet (melded)
Scrolls
 d - a scroll of magic mapping {unknown}
 e - a scroll of enchant armour {unknown}
 f - 2 scrolls of fear {unknown}
 g - 2 scrolls of teleportation {unknown}
 h - 2 scrolls of enchant weapon {unknown}
 j - 5 scrolls of identify {unknown}
 l - a scroll of remove curse {unknown}
 m - 2 scrolls of immolation {unknown}
 q - a scroll of amnesia {unknown}
 r - a scroll of noise {unknown}


   Skills:
 - Level 2.0 Fighting
 + Level 7.3 Long Blades
 - Level 1.3 Throwing
 - Level 2.4 Dodging


You had 5 spell levels left.
You didn't know any spells.
Your spell library was empty.

Dungeon Overview and Level Annotations

Branches:
Dungeon (5/15)             Temple (1/1) D:4

Altars:
Cheibriados
Dithmenos
Fedhas
Hepliaklqana
Nemelex Xobeh
Qazlal
Ru
Sif Muna
Trog
Wu Jian
Xom
Yredelemnul
Zin

Shops:
D:5 :


Innate Abilities, Weirdness & Mutations

(You are completely covered in rugged brown scales. (AC +3, +7% HP))
You have supernaturally acute eyesight. (SInv)
((Armour fits poorly on your strangely shaped body.))
((You can roll at foes to attack.))
((You have a long armoured tail.))


Message History

The worker ant zombie bites you but does no damage.
The phantom hits you but does no damage.
The ogre hits you with a +0 giant spiked club.
* * * LOW HITPOINT WARNING * * *
The adder bites you but does no damage.
The shadow imp hits you but does no damage.
You take 3 damage, and have 8/76 hp.
Unknown command.
Unknown command.
You barely miss the ogre.
The ogre is severely wounded.
Your transformation is almost over.
The centaur hits you but does no damage.
The worker ant zombie bites you but does no damage.
The phantom hits you but does no damage.
The adder bites you but does no damage.
The centaur hits you but does no damage.
The shadow imp hits you but does no damage.
The ogre hits you with a +0 giant spiked club!
You die...

..................#
..................#
.....?..........$.#
..............$...#
........<.........#
..................#
......>...........#
......zp5S........#
....#'S♣#..$......#
...##.Oc##........#
.. #.....##.......#
. #.......#.......#
#...∩...#........
#.......# ...
##.....## ...
##...##


You could see a phantom, an ogre, a centaur, 2 adders, a shadow imp and a worker
ant zombie.

Vanquished Creatures
  Eustachio (D:4)
  A scorpion (D:4)
  2 hounds
  2 worker ants (D:4)
  A hound skeleton (D:4)
  A river rat (D:4)
  An ooze (D:4)
  A worm (D:4)
  A dart slug (D:4)
  2 leopard geckos
  4 orcs
  4 giant cockroaches
  A hobgoblin (D:1)
  5 kobolds
  A quokka (D:4)
  3 bats
  2 frilled lizards
  2 goblins (D:1)
  4 rats
39 creatures vanquished.

Notes
Turn   | Place    | Note
-------+----------+-------------------------------------------
     0 | D:1      | jasper the Palentonga Gladiator began the quest for the
                  | Orb.
     0 | D:1      | Reached XP level 1. HP: 18/18 MP: 1/1
   861 | D:1      | Reached XP level 2. HP: 25/25 MP: 2/2
  1393 | D:2      | Noticed an orc warrior
  1416 | D:3      | Reached skill level 4 in Long Blades
  1430 | D:3      | Noticed a bullfrog
  1550 | D:4      | Reached XP level 3. HP: 31/31 MP: 3/3
  1590 | D:4      | Found a staircase to the Ecumenical Temple.
  1596 | Temple   | Entered the Ecumenical Temple
  1757 | Temple   | Became a worshipper of the Wu Jian Council
  1834 | D:4      | Noticed Eustachio
  1848 | D:4      | Reached skill level 5 in Long Blades
  1848 | D:4      | Reached XP level 4. HP: 13/38 MP: 4/4
  1877 | D:4      | Killed Eustachio
  1877 | D:4      | Reached skill level 6 in Long Blades
  1877 | D:4      | Reached XP level 5. HP: 13/43 MP: 5/5
  2199 | D:4      | Reached XP level 6. HP: 22/51 MP: 6/6
  2476 | D:4      | Reached skill level 7 in Long Blades
  2630 | D:4      | Got a crude dagger
  2631 | D:4      | Identified the +5 dagger "Cappy" {freeze, +Inv +Fly rPois}
                  | (You found it on level 4 of the Dungeon)
  3001 | D:5      | Entered Level 5 of the Dungeon
  3034 | D:5      | Found Pawyfurr's Book Emporium.
  3046 | D:5      | Slain by an ogre

Illustrated notes

Levels and vault maps discovered:
D:1:      minmay_arrival_four_loops, layout_basic, minivault_26,
          minmay_shallow_snake_nest
D:2:      layout_loops_corners, fiery_altar_vehumet, minmay_misc_feat_diagonals,
          grunt_decor_clamped, uniq_jessica
D:3:      layout_rooms, nicolae_gozag_seed_capital, okawaru_ov_weapons_minmay,
          uniq_sigmund
D:4:      layout_loops_ring, minmay_temple_entry_arrows, gup_sewer_entry_bowl,
          uniq_eustachio
D:5:      layout_basic, kennysheep_windowed_goal, uniq_pikel
Temple:   regret_index_temple_generic_petals

Skill      XL: |  1  2  3  4  5  6 |
---------------+-------------------+-----
Long Blades    | 4 5 6 7 |  7.3
Fighting       | |  2.0
Throwing       | |  1.3
Dodging        | |  2.4

Action                   |  1- 3 |  4- 6 || total
-------------------------+-------+-------++-------
Melee: Long sword        |    71 |    51 ||   122
       Tailslap          |    12 |     6 ||    18
       Dagger            |       |    29 ||    29
Throw: Throwing net      |     2 |     3 ||     5
Invok: Lunge             |       |     1 ||     1
 Abil: Rolling Charge    |     8 |    13 ||    21
       Evoke Invisibilit |       |     1 ||     1
  Use: Potion            |       |     5 ||     5
Armor: Ring mail         |    36 |    40 ||    76
       Skin              |       |    32 ||    32
Dodge: Dodged            |    42 |    30 ||    72
       Rpst.: Long sword |    14 |     6 ||    20

Table legend: (Time is in decaauts)
 A = Elapsed time spent in this place.
 B = Non-inter-level travel time spent in this place.
 C = Inter-level travel time spent in this place.
 D = Time resting spent in this place.
 E = Time spent auto-exploring this place.
 F = Levels seen in this place.
 G = Mean time per level.
                   A        B        C        D        E       F      G
               +--------+--------+--------+--------+--------+-----+--------+
         Total |   3047 |   2884 |    163 |    211 |   2338 |   6 |  507.8 |
       Dungeon |   2845 |   2721 |    124 |    211 |   2185 |   5 |  569.0 |
        Temple |    201 |    162 |     39 |      0 |    153 |   1 |  201.0 |
               +--------+--------+--------+--------+--------+-----+--------+

Top non-repeatable levels by time:
     D:4: 1353 daAuts
     D:1: 1272 daAuts
  Temple: 201 daAuts
     D:2: 144 daAuts
     D:5: 43 daAuts
     D:3: 31 daAuts
